 Dungeon Crawl Stone Soup version 0.29-a0-389-gd8082fcd2d (webtiles) character file.

Game seed: 7225614451680867010

313026 lkjhgvbn the Imperceptible (level 20, -5/108 HPs)
             Began as a Spriggan Enchanter on May 5, 2022.
             Was the Champion of Dithmenos.
             Slain by an ironbound frostheart (9 damage)
             ... on level 4 of the Vaults on May 8, 2022.
             The game lasted 03:28:02 (50981 turns).

lkjhgvbn the Imperceptible (Spriggan Enchanter)    Turns: 50981, Time: 03:28:05

Health: -5/108     AC: 16    Str: 13    XL:     20   Next: 79%
Magic:  24/44      EV: 31    Int: 19    God:    Dithmenos [******]
Gold:   572        SH: 14    Dex: 18    Spells: 35/58 levels left

rFire   + + +      SeeInvis +   m - +7 quick blade (vorpal)
rCold   + . .      Faith    .   u - +2 buckler of Conscience {rF+ Will- Regen+ Str+3}
rNeg    . . .      Spirit   .   x - +4 steam dragon scales
rPois   +          Reflect  +   (helmet restricted)
rElec   +          Harm     .   h - +2 cloak {rCorr}
rCorr   +          Rampage  .   (gloves unavailable)
Will    ++...                   (boots unavailable) Stlth ******++++
                                I - amulet of reflection
HPRegen 1.88/turn               P - +4 ring of protection
MPRegen 0.29/turn               N - ring "Veebleic" {rElec rPois rF+}

@: mighty, confusing by touch, resistant, frozen, wreathed by umbra, unable to
read, quick
A: very small, no large weapons, unfitting armour, see invisible, speed 3,
clever 1, regeneration 1, inability to read while threatened
}: 1/15 runes: decaying
a: Renounce Religion, Shadow Step, Shadow Form


You were on level 4 of the Vaults.
You worshipped Dithmenos.
Dithmenos was exalted by your worship.
You visited 9 branches of the dungeon, and saw 40 of its levels.
You visited 1 bazaar.
You also visited: Ice Cave.

You collected 4289 gold pieces.
You spent 3717 gold pieces at shops.

Inventory:

Hand Weapons
 a - a +9 dagger of electrocution
 b - the +9 rapier of Komomm {speed, Fragile rElec Will++ Dex+3}
   (You found it on level 2 of the Elven Halls)

   Attacks with this weapon are significantly faster.
   Dex:       It affects your dexterity (+3).
   rElec:     It insulates you from electricity.
   Fragile:   It will be destroyed if unequipped.
   Will:      It greatly increases your willpower.
 m - a +7 vorpal quick blade (weapon)
 X - a +0 quick blade
Missiles
 g - 9 atropa-tipped darts
 j - 14 curare-tipped darts (quivered)
Armour
 h - a +2 cloak of preservation (worn)
 k - a +2 robe of resistance
 u - the +2 buckler of Conscience (worn) {rF+ Will- Regen+ Str+3}
   (You acquired it on level 1 of the Vaults)

   Str:       It affects your strength (+3).
   rF:        It protects you from fire.
   Regen:     It increases your rate of health regeneration.
   Will:      It decreases your willpower.
 x - +4 steam dragon scales (worn)
 V - the +1 buckler of the Quahog {rN+ Regen+ Int-3}
   (You found it on level 3 of the Snake Pit)

   Int:       It affects your intelligence (-3).
   rN:        It protects you from negative energy.
   Regen:     It increases your rate of health regeneration.
Jewellery
 f - a ring of fire
 s - a ring of ice
 H - the ring "Javvej" {rC+ rN+ Will+ Str+3 Int+4}
   (You found it on level 2 of the Swamp)

   [ring of willpower]

   Str:       It affects your strength (+3).
   Int:       It affects your intelligence (+4).
   rC:        It protects you from cold.
   rN:        It protects you from negative energy.
   Will:      It increases your willpower.
 I - an amulet of reflection (around neck)
 N - the ring "Veebleic" (right hand) {rElec rPois rF+}
   (You found it on level 2 of the Lair of Beasts)

   [ring of poison resistance]

   rF:        It protects you from fire.
   rElec:     It insulates you from electricity.
   rPois:     It protects you from poison.
 O - a ring of wizardry
 P - a +4 ring of protection (left hand)
 R - a +4 ring of evasion
 W - an amulet of magic regeneration
Wands
 e - a wand of mindburst (41)
 w - a wand of paralysis (21)
 A - a wand of flame (72)
 E - a wand of digging (14)
 G - a wand of charming (5)
 M - a wand of polymorph (25)
Scrolls
 d - a scroll of immolation
 i - 4 scrolls of fear
 n - 2 scrolls of teleportation
 r - 5 scrolls of fog
 t - 22 scrolls of identify
 y - a scroll of magic mapping
 B - 5 scrolls of blinking
 D - 4 scrolls of amnesia
 J - 5 scrolls of poison
Potions
 l - 3 potions of haste
 o - 3 potions of flight
 q - a potion of cancellation
 z - a potion of might
 F - 12 potions of brilliance
 K - 4 potions of mutation
 L - 2 potions of curing
 Q - 4 potions of magic
 Y - a potion of ambrosia
Miscellaneous
 c - a phial of floods (inert)
 C - a phantom mirror (inert)
 T - a condenser vane (inert)
 U - a lightning rod (4/4)


   Skills:
 + Level 12.7 Fighting
 - Level 14.0 Short Blades
 + Level 19.2 Dodging
 + Level 24.2 Stealth
 + Level 4.8 Shields
 + Level 19.8 Spellcasting
 * Level 22.4 Hexes
 - Level 3.0 Necromancy


You had 35 spell levels left.
You knew the following spells:

 Your Spells              Type           Power      Damage    Failure   Level
a - Ensorcelled Hibernat  Hex/Ice        100%       N/A       1%          2
b - Tukima's Dance        Hex            81%        N/A       0%          3
c - Dazzling Flash        Conj/Hex       100%       N/A       1%          3
d - Confusing Touch       Hex            81%        N/A       0%          3
e - Summon Guardian Gole  Hex/Summ       57%        N/A       1%          3
f - Dispel Undead         Necr           30%        3d14      16%         4
g - Summon Mana Viper     Hex/Summ       57%        N/A       1%          5

Your spell library contained the following spells:

 Spells                   Type           Power      Damage    Failure   Level
 Pain                     Necr           100%       1d9       1%          1
 Inner Flame              Hex/Fire       57%        N/A       1%          3
 Portal Projectile        Hex/Tloc       100%       N/A       1%          3
 Anguish                  Hex/Necr       30%        N/A       1%          4
 Fulminant Prism          Conj/Hex       28%        3d14      1%          4
 Leda's Liquefaction      Hex/Erth       28%        N/A       1%          4
 Metabolic Englaciation   Hex/Ice        28%        N/A       1%          5
 Silence                  Hex/Air        28%        N/A       1%          5
 Corpse Rot               Necr/Air       48%        N/A       4%          2
 Beastly Appendage        Tmut           36%        N/A       5%          1
 Foxfire                  Conj/Fire      72%        2x1d7     5%          1
 Freeze                   Ice            72%        1d9       5%          1
 Magic Dart               Conj           72%        1d6       5%          1
 Summon Small Mammal      Summ           72%        N/A       5%          1
 Searing Ray              Conj           36%        2d5       8%          2
 Wereblood                Tmut           18%        N/A       8%          2
 Call Canine Familiar     Summ           18%        N/A       16%         3
 Conjure Flame            Conj/Fire      18%        6-21      16%         3
 Frozen Ramparts          Ice            36%        1d5       16%         3
 Spider Form              Tmut/Pois      18%        N/A       16%         3
 Agony                    Necr           30%        N/A       38%         5
 Excruciating Wounds      Necr           15%        N/A       38%         5
 Flame Wave               Conj/Fire      18%        2d6       45%         4
 Hailstorm                Conj/Ice       18%        3d6       45%         4
 Iskenderun's Mystic Bla  Conj/Tloc      18%        2d6       45%         4
 Passage of Golubria      Tloc           18%        N/A       45%         4
 Petrify                  Tmut/Erth      18%        N/A       45%         4
 Summon Ice Beast         Ice/Summ       18%        N/A       45%         4
 Alistair's Intoxication  Tmut/Pois      12%        N/A       82%         5
 Blade Hands              Tmut           9%         N/A       82%         5
 Freezing Cloud           Conj/Ice/Air   9%         6-21      82%         5
 Summon Forest            Summ/Tloc      9%         N/A       82%         5
 Death Channel            Necr           15%        N/A       93%         6
 Simulacrum               Ice/Necr       12%        N/A       99%         6
 Starburst                Conj/Fire      9%         6d5       100%        6
 Statue Form              Tmut/Erth      12%        N/A       100%        6
 Summon Cactus Giant      Summ           9%         N/A       100%        6
 Dragon Form              Tmut           9%         N/A       100%        7
 Spellforged Servitor     Conj/Summ      9%         N/A       100%        7
 Lehudib's Crystal Spear  Conj/Erth      9%         10d4      100%        8
 Necromutation            Tmut/Necr      12%        N/A       100%        8
 Polar Vortex             Ice            9%         N/A       100%        9


Dungeon Overview and Level Annotations

Branches:
Dungeon (15/15)            Temple (1/1) D:7            Lair (6/6) D:10
  Swamp (4/4) Lair:2        Snake (4/4) Lair:4        Slime (0/5) Lair:6
    Orc (2/2) D:12            Elf (3/3) Orc:2        Vaults (4/5) D:13
  Crypt (0/3) Vaults:3     Depths (1/4) D:15          IceCv (visited)

Altars:
Ashenzari
Cheibriados
Dithmenos
Elyvilon
Fedhas
Gozag
Hepliaklqana
Kikubaaqudgha
Makhleb
Nemelex Xobeh
Okawaru
Qazlal
Ru
Sif Muna
Trog
Uskayaw
Vehumet
Wu Jian
Xom
Yredelemnul
Zin
The Shining One
Beogh
Ignis

Shops:
D:15 (   Orc:2 *[:(   Elf:1 *   Snake:2 (   Vaults:1 !

Annotations:
Lair:5 2 transporters
Lair:6 exclusion: obsidian statue
Swamp:4 exclusion: 3 oklob plants
Elf:1 Roxanne
Elf:2 3 runed translucent doors
Elf:3 exclusions: door and 1 more exclusion
Vaults:3 2 transporters, exclusion: obsidian statue


Innate Abilities, Weirdness & Mutations

You are very small and have problems with some larger weapons.
You are too small for most types of armour.
You have supernaturally acute eyesight. (SInv)
You cover ground extremely quickly. (Speed+++)
Your mind is acute. (Int +2)
Your natural rate of healing is unusually fast.
You sometimes lose the ability to read scrolls when taking damage.


Message History

The vault warden hits you. The vault guard hits you.
* * * LOW HITPOINT WARNING * * *
Unknown command.
Unknown command.
Aiming: Phantom Mirror
Press: ? - help, Dir - move target, f - titan, p - vault warden
Aim: a titan (black smoke, chance to confuse on hit: 0%, umbra)
You reflect the titan with the mirror!
The mirror clouds!
The ice encasing you melts away. The necromancer casts a spell at you.
Your body is wracked with pain!
* * * LOW HITPOINT WARNING * * *
You block the ironbound frostheart's attack.
The titan waves its arms in wide circles.
The air twists around and strikes you!
* * * LOW HITPOINT WARNING * * *
The vault warden activates a sealing rune.
The vault guard hits you but does no damage.
Your titan hits the vault guard but does no damage.
The ironbound convoker casts a spell at the vault sentinel.
The vault sentinel seems to grow stronger.
You feel better.
The necromancer gestures wildly while chanting.
The necromancer binds the souls of nearby monsters.
The ironbound frostheart calls freezing cold from the walls.
The frost grips you! You partially resist.
* * * LOW HITPOINT WARNING * * *
You are encased in ice.
The frost grips your titan!! You block the titan's attack.
The vault warden misses you. The vault guard hits you.
* * * LOW HITPOINT WARNING * * *
Your titan barely misses the titan.
You feel better.
The vault warden's soul is no longer bound.
You block the necromancer's attack.
The ironbound convoker gestures at something while chanting.
You block the titan's attack. The ironbound frostheart touches you!
* * * LOW HITPOINT WARNING * * *
The ironbound frostheart freezes you! You resist.
You die...

#### #..# +§§+ #Cp#
##@C## ##+##ppp§##+##
#.....Tpp....#
#......§.....#
##+##.§..##+##
#######+###...##p§##(..#
..........#....#§§#Z.p.#
..........'....+§ppp...#
..........#....#§§#Z...+.


You could see a titan (soul bound), a vault warden (strong), a vault guard (soul
bound, strong), an ironbound frostheart (soul bound, ally target), a deep troll
(soul bound), a vault sentinel (soul bound, strong), an ironbound convoker (soul
bound), a necromancer and a friendly titan (summoned, drained).

Vanquished Creatures
  Sojobo (Vaults:3)
  Boris (Vaults:2)
  Bai Suzhen (Swamp:3)
  Nikola (Swamp:4)
  Rupert (Snake:1)
  Asterion (Elf:1)
  Gastronok (D:10)
  3 sphinxes
  A thorn hunter (Swamp:4)
  2 fenstrider witches
  4 tengu reavers
  A nagaraja (Snake:2)
  3 frost giants
  A deep elf sorcerer (Elf:3)
  13 vault wardens
  An orc warlord (Orc:2)
  A fire giant (Vaults:1)
  Louise (D:15)
  2 hydra skeletons (Swamp:4)
  17 ironbound preservers
  3 stone giants
  Aizul (Snake:2)
  2 vampire knights (Swamp:4)
  Nessos (Lair:6)
  4 ironbound thunderhulks
  An eleionoma (Swamp:2)
  2 deep elf demonologists (Elf:1)
  A bunyip (Swamp:2)
  19 dire elephants
  An eidolon (Vaults:3)
  A deep elf death mage (Vaults:3)
  3 ettins
  A deep elf high priest (Vaults:1)
  2 salamander tyrants
  A peacekeeper (Vaults:3)
  2 great orbs of eyes (Vaults:2)
  11 yaktaur captains
  9 vault guards
  3 shambling mangroves
  A boulder beetle (Lair:6)
  A ghost crab (Swamp:2)
  Erolcha (D:12)
  A death knight (Vaults:3)
  A spriggan air mage (Swamp:2)
  19 hydras
  5 merfolk avatars (Swamp:4)
  6 two-headed ogres
  13 centaur warriors
  9 ironbound frosthearts
  9 anacondas
  3 naga warriors
  An alligator snapping turtle (Snake:1)
  10 alligators
  2 deep troll shamans (Depths:1)
  13 dancing weapons
  2 tengu warriors (D:15)
  16 death yaks
  3 deep troll earth magi (Depths:1)
  3 orc high priests (Orc:2)
  Urug (D:11)
  10 naga sharpshooters
  Sonja (Lair:5)
  5 deep elf knights
  7 shock serpents
  6 spriggans (Swamp:2)
  A storm dragon zombie (Depths:1)
  A hell knight (Vaults:3)
  5 skeletal warriors (D:15)
  6 goliath frogs
  A spectral death yak (Lair:6)
  A spectral anaconda (Lair:6)
  2 sea snakes (Snake:1)
  An orb spider (shapeshifter) (Vaults:4)
  2 salamander mystics
  50 deep trolls
  5 bog bodies
  6 swamp dragons
  A naga ritualist (Snake:3)
  10 deep elf archers
  3 spriggan druids
  A spectral hydra (Swamp:4)
  2 orc knights (Orc:2)
  3 wizards
  A phantasmal warrior (Vaults:4)
  10 harpies
  18 ironbound convokers
  4 mana vipers
  7 necromancers
  13 lindwurms
  21 deep elf zephyrmancers
  24 deep elf pyromancers
  A stone giant zombie (Depths:1)
  6 orc sorcerers (Orc:2)
  3 cyclopes
  14 ugly things
  9 salamanders
  A fire giant zombie (Depths:1)
  24 slime creatures
  3 manticores
  Maurice (D:8)
  5 will-o-the-wisps
  5 vault sentinels
  3 torpor snails
  28 elephants
  5 gargoyles
  4 guardian serpents (Snake:1)
  A torpor snail (shapeshifter) (Vaults:1)
  8 naga magi
  19 black mambas
  2 dire elephant skeletons (Lair:6)
  An ice statue (IceCv)
  2 unseen horrors
  17 cane toads
  Psyche (D:11)
  11 yaktaurs
  5 komodo dragons
  Maggie (Lair:1)
  3 freezing wraiths (Swamp:4)
  6 rime drakes
  A yaktaur (shapeshifter) (D:15)
  A tengu conjurer (D:14)
  An efreet (D:11)
  A komodo dragon (shapeshifter) (D:14)
  A spriggan skeleton (Depths:1)
  A meliai (shapeshifter) (D:13)
  A hydra zombie (Swamp:4)
  6 polar bears
  4 trolls
  A death drake skeleton (Swamp:4)
  A death drake zombie (Swamp:4)
  2 snapping turtles (Snake:1)
  13 hornets
  15 tyrant leeches
  15 blink frogs
  A shadow (D:9)
  3 air elementals
  5 wyverns
  A vampire (D:13)
  94 yaks
  3 steam dragons
  A basilisk (Lair:6)
  A water elemental (Elf:2)
  19 vampire mosquitoes
  A steam dragon (shapeshifter) (D:13)
  2 death yak simulacra (Lair:6)
  2 wargs (Orc:2)
  Menkaure (D:7)
  25 nagas
  9 swamp worms
  6 water moccasins
  3 acid dragons
  4 hydra simulacra (Swamp:4)
  Duvessa (D:4)
  20 orc warriors
  A swamp dragon zombie (Swamp:4)
  2 swamp drakes (Swamp:4)
  5 ogres
  34 wolves
  An elephant skeleton (Lair:6)
  2 swamp dragon skeletons (Swamp:4)
  8 centaurs
  2 phantoms
  7 bullfrogs
  5 kobold brigands
  2 necrophages
  2 earth elementals
  A gnoll sergeant (D:7)
  4 scorpions
  Dowan (D:4)
  An elephant simulacrum (Lair:6)
  8 killer bees
  A howler monkey (D:5)
  2 electric eels
  4 hounds
  15 jellies
  A gnoll shaman (D:7)
  11 orc priests
  Ijyb (D:4)
  4 iguanas
  15 orc wizards
  A mummy (D:3)
  8 gnolls (D:7)
  7 adders
  3 white imps
  An ufetubus (D:5)
  2 worms (D:3)
  A dart slug (D:4)
  49 orcs
  12 endoplasms
  3 giant cockroaches
  9 goblins
  3 hobgoblins (D:1)
  3 jackals (D:1)
  27 kobolds
  3 ball pythons
  5 bats
  3 frilled lizards
  3 goblin zombies (D:4)
  A hobgoblin zombie (D:4)
  2 kobold skeletons (D:4)
  3 orc skeletons (D:4)
  An orc zombie (D:4)
1218 creatures vanquished.

Vanquished Creatures (collateral kills)
  2 vault wardens (Vaults:1)
  An ironbound preserver (Vaults:1)
  A crystal guardian (Vaults:3)
  A yaktaur captain (Vaults:1)
  A vault guard (Vaults:1)
  2 dancing weapons
  An orc high priest (Orc:2)
  A deep elf knight (Elf:1)
  A deep troll (Vaults:1)
  A spriggan druid (Swamp:4)
  A deep elf pyromancer (Elf:1)
  2 ironbound convokers (Vaults:1)
  2 orc knights (Orc:2)
  A yaktaur (Vaults:1)
  A hornet (Swamp:4)
  2 nagas
  2 orc warriors (Orc:2)
  2 orc priests
  2 orc wizards (Orc:2)
  4 gnolls (D:7)
  2 kobolds (D:7)
33 creatures vanquished.

Vanquished Creatures (others)
  An ettin (Vaults:3)
  A slime creature (Vaults:1)
  2 deep elf knights (Elf:1)
  A deep troll (Vaults:3)
  A swamp dragon (Swamp:4)
  A deep elf archer (Elf:1)
  35 dancing weapons
  2 yaks (IceCv)
  A hydra simulacrum (Swamp:4)
  A bush (D:7)
  28 foxfires
  10 fungi
  38 plants
  24 withered plants
146 creatures vanquished.

Grand Total: 1397 creatures vanquished

Notes
Turn   | Place    | Note
-------+----------+-------------------------------------------
     0 | D:1      | lkjhgvbn the Spriggan Enchanter began the quest for the
                  | Orb.
     0 | D:1      | Reached XP level 1. HP: 9/9 MP: 5/5
   534 | D:2      | Reached XP level 2. HP: 3/13 MP: 7/7
   794 | D:1      | Learned a level 2 spell: Ensorcelled Hibernation
   922 | D:1      | Found a faded altar of an unknown god.
  1984 | D:2      | Reached XP level 3. HP: 14/16 MP: 3/9
  2143 | D:2      | Learned a level 3 spell: Tukima's Dance
  2147 | D:2      | Learned a level 3 spell: Confusing Touch
  2585 | D:3      | Reached skill level 5 in Hexes
  2585 | D:3      | Reached XP level 4. HP: 21/21 MP: 6/11
  2918 | D:3      | Found a snail-covered altar of Cheibriados.
  3672 | D:4      | Noticed Duvessa
  3672 | D:4      | Noticed Dowan
  3704 | D:4      | Found a white marble altar of Elyvilon.
  3715 | D:4      | Noticed Ijyb
  3720 | D:4      | Noticed a necrophage
  3732 | D:4      | Killed Duvessa
  3733 | D:4      | Reached skill level 5 in Spellcasting
  3733 | D:4      | Reached XP level 5. HP: 8/24 MP: 5/13
  3735 | D:4      | Killed Ijyb
  3740 | D:4      | Killed Dowan
  3741 | D:4      | Reached XP level 6. HP: 10/28 MP: 3/15
  4675 | D:4      | Found a hazy altar of Hepliaklqana.
  4795 | D:4      | Found a glowing golden altar of the Shining One.
  4843 | D:4      | Upgraded the game from 0.29-a0-378-gc08b2e8bf8 to
                  | 0.29-a0-383-g8b6f518c11
  4952 | D:4      | Learned a level 3 spell: Dazzling Flash
  5537 | D:5      | Entered Level 5 of the Dungeon
  5619 | D:5      | Identified the +6 falchion "Daotuec" {flame, Str+2}
  5631 | D:5      | Reached skill level 5 in Stealth
  5797 | D:5      | Reached XP level 7. HP: 32/32 MP: 17/17
  6071 | D:5      | Reached skill level 6 in Stealth
  6411 | D:5      | Found a blossoming altar of Fedhas.
  6666 | D:5      | Noticed a two-headed ogre
  6709 | D:5      | Killed a two-headed ogre
  6710 | D:5      | Reached skill level 8 in Stealth
  6710 | D:5      | Reached XP level 8. HP: 15/36 MP: 6/21
  6989 | D:6      | Noticed a gargoyle
  7019 | D:6      | Killed a gargoyle
  7020 | D:6      | Reached skill level 9 in Stealth
  7481 | D:6      | Reached XP level 9. HP: 39/39 MP: 20/23
  7484 | D:6      | Reached skill level 10 in Stealth
  7491 | D:6      | Reached skill level 10 in Hexes
  7499 | D:6      | Reached skill level 11 in Stealth
  7830 | D:6      | Reached skill level 10 in Spellcasting
  8449 | D:7      | Found a staircase to the Ecumenical Temple.
  8459 | Temple   | Entered the Ecumenical Temple
  8546 | Temple   | Became a worshipper of Dithmenos the Shadowed
  9179 | D:7      | Reached skill level 1 in Fighting
  9446 | D:7      | Noticed Menkaure
  9451 | D:7      | Killed Menkaure
  9483 | D:7      | Reached * piety under Dithmenos
 10162 | D:8      | Reached XP level 10. HP: 40/46 MP: 25/25
 10290 | D:8      | Noticed a two-headed ogre
 10293 | D:8      | Killed a two-headed ogre
 10368 | D:8      | Found a sacrificial altar of Ru.
 10382 | D:8      | Noticed Maurice
 10509 | D:8      | Found an ornate altar of the Wu Jian Council.
 10518 | D:8      | Reached skill level 12 in Stealth
 10723 | D:8      | Reached skill level 5 in Dodging
 10830 | D:8      | Killed Maurice
 11190 | D:8      | Found a shimmering blue altar of Sif Muna.
 11905 | D:9      | Identified the +1 leather armour "Birala Pabra" {Harm
                  | Int+8}
 11916 | D:9      | Found a radiant altar of Vehumet.
 12341 | D:10     | Entered Level 10 of the Dungeon
 12500 | D:10     | Reached XP level 11. HP: 31/52 MP: 27/27
 12685 | D:10     | Found a burning altar of Makhleb.
 12720 | D:10     | Found a staircase to the Lair.
 12727 | D:10     | Noticed Gastronok
 12756 | D:10     | Killed Gastronok
 12757 | D:10     | Reached skill level 5 in Short Blades
 12757 | D:10     | Reached skill level 13 in Stealth
 12764 | D:10     | Reached ** piety under Dithmenos
 12782 | D:10     | Noticed a two-headed ogre
 12794 | D:10     | Killed a two-headed ogre
 13374 | D:11     | Noticed a seven-headed hydra
 13870 | D:11     | Killed a seven-headed hydra
 13958 | D:11     | Reached skill level 14 in Stealth
 13978 | D:11     | Noticed Urug
 14002 | D:11     | Killed Urug
 14034 | D:11     | Noticed Psyche
 14041 | D:11     | Killed Psyche
 14093 | D:11     | Reached skill level 5 in Fighting
 14129 | D:11     | Noticed a two-headed ogre
 14148 | D:11     | Killed a two-headed ogre
 14149 | D:11     | Reached XP level 12. HP: 41/60 MP: 16/29
 14584 | D:12     | Noticed Erolcha
 14588 | D:12     | Killed Erolcha
 14644 | D:12     | Noticed a two-headed ogre
 14678 | D:12     | Killed a two-headed ogre
 14820 | D:12     | Gained mutation: Your natural rate of healing is unusually
                  | fast. [potion of mutation]
 14820 | D:12     | Gained mutation: Your mind is acute. (Int +2) [potion of
                  | mutation]
 14820 | D:12     | Gained mutation: You sometimes lose the ability to read
                  | scrolls when taking damage. [potion of mutation]
 15296 | D:12     | Found a staircase to the Orcish Mines.
 15474 | D:13     | Reached *** piety under Dithmenos
 15481 | D:13     | Found a frozen archway.
 15505 | D:13     | Reached skill level 15 in Stealth
 15538 | IceCv    | Entered an ice cave
 15904 | IceCv    | Reached skill level 10 in Dodging
 15920 | IceCv    | Noticed a death yak
 15928 | IceCv    | Killed a death yak
 15954 | IceCv    | Reached XP level 13. HP: 65/65 MP: 31/31
 15973 | IceCv    | Reached **** piety under Dithmenos
 16272 | IceCv    | Identified the +1 pair of gloves of Ashenzari's Fury {rF+
                  | rN+}
 16273 | IceCv    | Identified the amulet of Femue {Faith rElec MP+9 Int-3
                  | Dex+3}
 16638 | D:13     | Found a gate to the Vaults.
 16768 | D:13     | Reached skill level 16 in Stealth
 17998 | Lair:1   | Entered Level 1 of the Lair of Beasts
 18270 | Lair:1   | Noticed Maggie
 18276 | Lair:1   | Killed Maggie
 18607 | Lair:1   | Reached ***** piety under Dithmenos
 18989 | Lair:2   | Found a staircase to the Swamp.
 19160 | Lair:2   | Found an iron altar of Okawaru.
 19394 | Lair:2   | Reached XP level 14. HP: 72/72 MP: 33/33
 19397 | Lair:2   | Identified the ring "Veebleic" {rElec rPois rF+}
 19959 | Lair:3   | Reached skill level 17 in Stealth
 20301 | Lair:4   | Found a staircase to the Snake Pit.
 20620 | Lair:4   | You fall into a shaft and drop 2 floors!
 20620 | Lair:6   | Entered Level 6 of the Lair of Beasts
 21412 | Lair:5   | Found a transporter.
 21461 | Lair:5   | Found a transporter.
 21517 | Lair:5   | Reached skill level 10 in Short Blades
 21919 | Lair:5   | Reached ****** piety under Dithmenos
 22087 | Lair:5   | Reached skill level 15 in Hexes
 22260 | Lair:5   | Noticed Sonja
 22267 | Lair:5   | Killed Sonja
 22397 | Lair:6   | Noticed Nessos
 22401 | Lair:6   | Reached skill level 18 in Stealth
 22421 | Lair:6   | Killed Nessos
 22429 | Lair:6   | Reached skill level 15 in Spellcasting
 22840 | Lair:6   | Reached XP level 15. HP: 58/78 MP: 23/35
 23360 | Lair:6   | Found a staircase to the Slime Pits.
 24921 | Lair:6   | Reached skill level 19 in Stealth
 24929 | Lair:6   | Got the Papyrus of Transformation
 25195 | Orc:1    | Entered Level 1 of the Orcish Mines
 25402 | Orc:2    | Entered Level 2 of the Orcish Mines
 25550 | Orc:2    | Found a staircase to the Elven Halls.
 26300 | Orc:2    | Noticed an orc warlord
 26666 | Orc:2    | Killed an orc warlord
 27177 | Orc:2    | Found Hiolece's Antique Armour Shoppe.
 27178 | Orc:2    | Found Gyone's Antique Weapon Emporium.
 27180 | Orc:2    | Found Itizount's General Store.
 27180 | Orc:2    | Found Duiro's Book Shoppe.
 27224 | Orc:2    | Bought a glowing quick blade for 684 gold pieces
 27353 | Orc:2    | Bought a scroll of teleportation for 33 gold pieces
 27353 | Orc:2    | Bought a scroll of fear for 38 gold pieces
 27507 | D:15     | Entered Level 15 of the Dungeon
 27856 | D:15     | Reached XP level 16. HP: 42/84 MP: 29/37
 27956 | D:15     | Found Ceoxor's Weapon Shop.
 27957 | D:15     | Noticed Louise
 27961 | D:15     | Killed Louise
 28395 | D:15     | Found a staircase to the Depths.
 28414 | D:15     | Upgraded the game from 0.29-a0-383-g8b6f518c11 to
                  | 0.29-a0-384-g6960b1960d
 28583 | Snake:1  | Entered Level 1 of the Snake Pit
 28880 | Snake:1  | Reached skill level 20 in Stealth
 29454 | Snake:1  | Reached skill level 15 in Dodging
 29529 | Snake:1  | Noticed Rupert
 29531 | Snake:1  | Killed Rupert
 29858 | Snake:2  | Noticed Aizul
 29860 | Snake:2  | Killed Aizul
 30301 | Snake:2  | Reached skill level 10 in Fighting
 30427 | Snake:2  | Found Nij Zaza's Antique Weapon Shop.
 31443 | Snake:3  | Identified the +1 buckler of the Quahog {rN+ Regen+ Int-3}
 31778 | Snake:3  | Reached XP level 17. HP: 89/89 MP: 35/38
 32249 | Swamp:1  | Entered Level 1 of the Swamp
 32849 | Swamp:2  | Identified the ring "Javvej" {rC+ rN+ Will+ Str+3 Int+4}
 33309 | Swamp:2  | Reached skill level 21 in Stealth
 33783 | Swamp:3  | Noticed Bai Suzhen
 34162 | Swamp:3  | Killed Bai Suzhen
 34541 | Elf:1    | Entered Level 1 of the Elven Halls
 34547 | Elf:1    | Paralysed by an air elemental for 1 turns
 34562 | Orc:2    | Paralysed by an air elemental for 1 turns
 34621 | Elf:1    | Noticed Asterion
 34623 | Elf:1    | Killed Asterion
 34651 | Elf:1    | Noticed Roxanne
 34651 | Elf:1    | You fall into a shaft and drop 1 floor!
 34668 | Elf:2    | Identified the +9 rapier of Komomm {speed, Fragile rElec
                  | Will++ Dex+3}
 34689 | Elf:1    | Found Tonaac's Assorted Antiques.
 35326 | Elf:1    | Got the Handbook of Illusion
 35331 | Elf:1    | Learned a level 3 spell: Summon Guardian Golem
 36505 | Elf:1    | Bought a potion of invisibility for 208 gold pieces
 36505 | Elf:1    | Bought 2 potions of might for 208 gold pieces
 36505 | Elf:1    | Bought a wand of iceblast (4) for 104 gold pieces
 36505 | Elf:1    | Bought a potion of magic for 208 gold pieces
 36505 | Elf:1    | Bought 3 scrolls of poison for 273 gold pieces
 36505 | Elf:1    | Bought a wand of iceblast (6) for 104 gold pieces
 36505 | Elf:1    | Bought a potion of might for 104 gold pieces
 36839 | Elf:2    | Reached XP level 18. HP: 90/95 MP: 32/40
 37314 | Swamp:4  | Entered Level 4 of the Swamp
 37335 | Swamp:4  | Noticed Nikola
 37337 | Swamp:4  | Killed Nikola
 38393 | Swamp:4  | Found a blossoming altar of Fedhas.
 38433 | Swamp:4  | Found a basalt altar of Yredelemnul.
 38544 | Swamp:4  | Reached skill level 22 in Stealth
 38733 | Swamp:4  | Got a decaying rune of Zot
 39466 | Vaults:1 | Entered Level 1 of the Vaults
 39502 | Vaults:1 | Learned a level 4 spell: Dispel Undead
 39629 | Vaults:1 | Reached skill level 1 in Necromancy
 40044 | Vaults:1 | Learned a level 5 spell: Summon Mana Viper
 40632 | Vaults:1 | Identified 2 scrolls of acquirement
 40641 | Vaults:1 | Reached XP level 19. HP: 57/100 MP: 28/42
 40724 | Vaults:1 | Acquired the +2 buckler of Conscience {rF+ Will- Regen+
                  | Str+3}
 40726 | Vaults:1 | Acquired 386 gold pieces
 40793 | Vaults:1 | Found Geubos's Distillery.
 40801 | Vaults:1 | Bought a potion of heal wounds for 70 gold pieces
 40801 | Vaults:1 | Bought a potion of berserk rage for 70 gold pieces
 40801 | Vaults:1 | Bought a potion of heal wounds for 70 gold pieces
 40801 | Vaults:1 | Bought a potion of brilliance for 56 gold pieces
 40801 | Vaults:1 | Bought a potion of heal wounds for 70 gold pieces
 40801 | Vaults:1 | Bought 2 potions of might for 112 gold pieces
 40801 | Vaults:1 | Bought a potion of haste for 140 gold pieces
 40801 | Vaults:1 | Bought 2 potions of flight for 84 gold pieces
 41850 | Vaults:1 | Reached skill level 1 in Shields
 42283 | Vaults:2 | Upgraded the game from 0.29-a0-384-g6960b1960d to
                  | 0.29-a0-389-gd8082fcd2d
 43046 | Vaults:2 | Reached skill level 23 in Stealth
 43112 | Vaults:2 | You fall into a shaft and drop 1 floor!
 43148 | Vaults:3 | Found a flickering gateway to a bazaar.
 43155 | Bazaar   | Entered a bazaar
 43159 | Bazaar   | Found Fyig's Book Boutique.
 43181 | Bazaar   | Found Zyist's Antique Weapon Emporium.
 43202 | Bazaar   | Found Xedoada's Assorted Antiques.
 43222 | Bazaar   | Found Oboigg's Assorted Antiques.
 43254 | Bazaar   | Bought a scroll of brand weapon for 500 gold pieces
 43255 | Bazaar   | Bought a scroll of brand weapon for 500 gold pieces
 43278 | Bazaar   | Bought a potion of curing for 81 gold pieces
 44623 | Vaults:3 | Noticed Sojobo
 44626 | Vaults:3 | Killed Sojobo
 44713 | Vaults:3 | Found a transporter.
 44713 | Vaults:3 | Found the amulet of the Air {Inacc Air Fly rElec RMsl}
 44727 | Vaults:3 | Found a transporter.
 45016 | Vaults:3 | Noticed Boris
 45353 | Snake:4  | Entered Level 4 of the Snake Pit
 46069 | Elf:2    | Found a runed translucent gate.
 46069 | Elf:2    | Found a runed translucent gate.
 46070 | Elf:2    | Found a runed translucent gate.
 46316 | Elf:3    | Entered Level 3 of the Elven Halls
 46547 | Elf:3    | Reached XP level 20. HP: 107/107 MP: 44/44
 46653 | Elf:3    | Identified the +9 flail "Gerab" {pain, rElec Dex+5}
 47358 | Depths:1 | Entered Level 1 of the Depths
 48259 | Vaults:3 | Found a staircase to the Crypt.
 48734 | Vaults:2 | Killed Boris
 48846 | Vaults:3 | Paralysed by a great orb of eyes for 5 turns
 49440 | Vaults:3 | Reached skill level 24 in Stealth
 50980 | Vaults:4 | HP: 5/108 [vault guard[a vault warden] (3)]
 50981 | Vaults:4 | Slain by an ironbound frostheart

Illustrated notes

Levels and vault maps discovered:
D:1:      nicolae_arrival_washed_ashore, layout_basic,
          ebering_ecumenical_altar_petrified, minmay_misc_feat_x
D:2:      layout_rooms
D:3:      layout_loops_corners, slow_altar_1, roderic_lattice_a
D:4:      layout_gridville, nicolae_tso_besieged_by_evil, lemuel_crystal_altar,
          old_standard_altar, uniq_duvessa, uniq_ijyb
D:5:      cheibrodos_thug_alley, layout_loops_ring, fedhas_altar_2
D:6:      layout_cave_pods, kennysheep_pointless_box
D:7:      layout_loops_ring, temple_fountains, kb_lookout_dungeons_type,
          uniq_menkaure
D:8:      layout_loops_corners, mainiacjoe_overflow_concentric_impassable,
          mainiacjoe_overflow_catwalk, led_sif_pool, uniq_maurice
D:9:      layout_gridville, vehumet_altar_wand_db
D:10:     layout_cave_pools, bloody_makhleb, lair_entry_dummy, uniq_gastronok
D:11:     layout_cave_pools, uniq_urug, uniq_psyche
D:12:     layout_loops_cross, orc_0_dummy, uniq_erolcha
D:13:     layout_grid_maze, david_vaults_2, portal_ice_cave_rime
D:14:     layout_basic, minmay_misc_feat_four_crosses
D:15:     grunt_enter_depths_snipers, layout_loops_ring, serial_shops,
          nicolae_shop_bloodbath_and_beyond, minivault_25_ag,
          minmay_misc_feat_enclosed, uniq_louise
Temple:   ebering_untended_altars
Lair:1:   layout_roguey, uniq_maggie
Lair:2:   layout_roguey, skrybe_swamp_entry_bodies, basic_altar
Lair:3:   layout_misc_corridors, serial_bayou_pond_d, infiniplex_staircase_pool
Lair:4:   layout_small_grid, guppyfry_snake_entry_island, serial_bayou_crossing,
          grunt_megastairs_4
Lair:5:   gammafunk_worm_tunnel, layout_cave_shapes, serial_bayou_shore_a,
          uniq_sonja
Lair:6:   due_jungle_book, layout_cave_shapes, minmay_slime_entry_jelly_boxes,
          chequers_serial_rivers_micro_b, uniq_nessos
Swamp:1:  layout_basic_swamp, evilmike_swamp_ruin_house_5
Swamp:2:  layout_basic_swamp, evilmike_swamp_ruin_house_3,
          infiniplex_staircase_pool_2
Swamp:3:  layout_basic_swamp, nicolae_swamp_ascending_descending_big,
          swamp_pool3, uniq_bai_suzhen
Swamp:4:  byrel_swamp_growth_death_and_undeath, layout_basic_swamp, swamp_pool4,
          grunt_lady_of_the_lake, uniq_nikola
Snake:1:  layout_misc_corridors, grunt_ministairs_14,
          nicolae_snake_herptile_family_reunion, grunt_megastairs_1, uniq_rupert
Snake:2:  layout_layer_cave, serial_shops, shop, st_stairs_7,
          serial_bayou_shore_b, uniq_aizul
Snake:3:  layout_basic, special_room, grunt_ministairs_15
Snake:4:  hellmonk_snake_rune_quicksilver_temple, layout_onion_interference,
          drop_trap, nicolae_large_snake_swirl, uniq_agnes
Orc:1:    layout_caves
Orc:2:    st_orc_congregation, layout_diamond_mine, hangedman_feature_mirror
Elf:1:    nicolae_elf_arrival_aired_out, layout_loops_ring, serial_shops, shop,
          minmay_elf_demonology, hangedman_elf_targetted_burst, uniq_roxanne,
          uniq_asterion
Elf:2:    elven_hall_of_blades_hangedman_original [nicolae_blade_lattice],
          layout_gridlike
Elf:3:    nooodl_elf_gasket, layout_geoelf_grid, serial_aquarium,
          aquarium_bridge_long_separate [aquarium_subvault_bridge,
          aquarium_subvault_bridge, aquarium_subvault_bridge,
          aquarium_subvault_wall, aquarium_subvault_bridge,
          aquarium_subvault_wall], aquarium_window_1, aquarium_window_fake,
          aquarium_window_corridor_1, aquarium_view_2d, aquarium_balcony_3a
Vaults:1: vaults_room_grid, st_star, vaults_mumra_chevron_long,
          grunt_vaults_diagonal, v_rooms_5, v_rooms_4, dpeg_vaults_monster_row,
          ontoclasm_vaults_gateway, hangedman_vaults_corner_blocks,
          nicolae_vaults_border_crossing, layout_vaults_chaotic_city,
          serial_shops, shop
Vaults:2: ontoclasm_vaults_ring_square, ontoclasm_vaults_shout,
          nicolae_vaults_little_squares_4, v_misc_13, vaults_room_semicircle,
          layout_vaults_quadrants
Vaults:3: minmay_crypt_entry_simple_corners, v_rooms_3, vaults_room_boxed,
          v_misc_32, gammafunk_sealed_arena, nicolae_vaults_shelves_hall,
          nicolae_vaults_rhombus_7, vaults_mumra_hexcomb, hangedman_vaults_trim,
          hangedman_vaults_maws, vaults_dpeg_diagonal,
          nicolae_vaults_shelves_hall, vaults_room_semicircle,
          nicolae_vaults_rhombus_5, layout_vaults_ring, serial_shops,
          bzr_entry_gold, uniq_boris, uniq_sojobo
Vaults:4: v_alt_pattern_1, vaults_dpeg_doors, nicolae_vaults_alarming,
          nicolae_vaults_big_angled_halls, vaults_room_stairs_pillars,
          nicolae_vaults_ring_of_whatevers, ontoclasm_vaults_eye, v_misc_9,
          nicolae_vaults_asterisk, v_misc_1, v_misc_28, v_misc_9,
          vaults_dpeg_hooks, hangedman_vaults_stretched_pinwheel,
          vaults_room_guarded_vault, layout_vaults_omnicross
Depths:1: dpeg_oklob_gauntlet, layout_cave_shapes, hellmouth_1,
          ashenzari_conservatory_becter

Skill      XL: |  1  2  3  4  5  6  7  8  9 10 11 12 13 14 15 16 17 18 19 20 |
---------------+-------------------------------------------------------------+-----
Spellcasting   | 3 4 5 6 8 9 10 11 12 13 14 15 16 17 18 19 | 19.8
Hexes          | 4 5 6 7 8 9 10 11 12 13 14 15 16 17 18 20 21 22 | 22.4
Stealth        | 5 8 9 11 12 14 15 16 18 19 20 21 22 23 24 | 24.2
Dodging        | 4 6 8 10 11 13 14 15 16 17 18 19 | 19.2
Fighting       | 1 3 5 6 7 8 9 10 11 12 | 12.7
Short Blades   | 2 4 6 8 9 10 11 12 13 14 | 14.0
Necromancy     | 2 3 |  3.0
Shields        | 3 4 |  4.8

Action                   |  1- 3 |  4- 6 |  7- 9 | 10-12 | 13-15 | 16-18 | 19-21 || total
-------------------------+-------+-------+-------+-------+-------+-------+-------++-------
Melee: Dagger            |    90 |   122 |   215 |   313 |  1317 |  1217 |   173 ||  3447
       Punch             |       |       |     2 |     3 |    26 |    18 |    12 ||    61
       Quick blade       |       |       |       |       |       |       |   623 ||   623
Throw: Dart              |       |       |       |     2 |       |       |       ||     2
 Cast: Ensorcelled Hiber |    11 |    13 |    33 |    68 |   128 |   124 |   191 ||   568
       Confusing Touch   |       |     5 |     6 |    11 |    14 |    28 |    23 ||    87
       Tukima's Dance    |       |     2 |    15 |    11 |    45 |    67 |    55 ||   195
       Dazzling Flash    |       |       |       |       |    46 |     2 |    22 ||    70
       Summon Guardian G |       |       |       |       |       |    36 |     5 ||    41
       Summon Mana Viper |       |       |       |       |       |     1 |     7 ||     8
Invok: Shadow Step       |       |       |       |       |       |    24 |    10 ||    34
Evoke: Wand              |       |       |       |       |    26 |    33 |     9 ||    68
       Phantom mirror    |       |       |       |       |     1 |     3 |     1 ||     5
       Condenser vane    |       |       |       |       |     2 |     5 |     2 ||     9
       Phial of floods   |       |       |       |       |     1 |     1 |     1 ||     3
       Lightning rod     |       |       |       |       |       |     9 |     4 ||    13
  Use: Scroll            |     8 |     7 |     5 |    11 |    13 |    14 |    17 ||    75
       Potion            |     1 |     4 |     1 |     5 |     9 |    35 |    13 ||    68
 Stab: Sleeping          |    15 |    21 |    26 |    88 |   128 |   211 |   139 ||   628
       Confused          |       |     3 |     4 |     9 |    10 |    27 |    20 ||    73
       Invisible         |       |     2 |       |     2 |    26 |    15 |    26 ||    71
       Distracted        |       |       |     1 |     1 |    10 |    17 |    11 ||    40
Armor: Robe              |     8 |     6 |    20 |     1 |     1 |       |       ||    36
       Skin              |       |       |    13 |       |       |       |       ||    13
       Steam dragon scal |       |       |       |    38 |   140 |   142 |    89 ||   409
Dodge: Dodged            |    55 |    69 |   160 |   292 |   922 |   974 |   738 ||  3210
Block: Other             |       |       |       |       |   207 |   180 |    87 ||   474
       Reflection        |       |       |       |       |     3 |     5 |    13 ||    21
       Buckler           |       |       |       |       |       |       |   187 ||   187

Table legend: (Time is in decaauts)
 A = Elapsed time spent in this place.
 B = Non-inter-level travel time spent in this place.
 C = Inter-level travel time spent in this place.
 D = Time resting spent in this place.
 E = Time spent auto-exploring this place.
 F = Levels seen in this place.
 G = Mean time per level.
                   A        B        C        D        E       F      G
               +--------+--------+--------+--------+--------+-----+--------+
         Total |  37098 |  34001 |   3097 |   5943 |  19394 |  42 |  883.3 |
       Dungeon |  14103 |  13308 |    795 |   3036 |   8006 |  15 |  940.2 |
        Temple |     64 |     58 |      6 |      0 |     32 |   1 |   64.0 |
          Lair |   5182 |   4551 |    631 |    371 |   2891 |   6 |  863.7 |
         Swamp |   3301 |   3034 |    267 |    505 |   1642 |   4 |  825.2 |
     Snake Pit |   2717 |   2359 |    358 |    265 |   1489 |   4 |  679.2 |
  Orcish Mines |   1633 |   1398 |    235 |    224 |    713 |   2 |  816.5 |
   Elven Halls |   2813 |   2622 |    191 |    512 |   1301 |   3 |  937.7 |
        Vaults |   6099 |   5490 |    609 |    782 |   2841 |   4 | 1524.8 |
        Depths |    377 |    377 |      0 |     39 |    162 |   1 |  377.0 |
        Bazaar |    104 |    104 |      0 |      0 |     54 |   1 |  104.0 |
      Ice Cave |    699 |    699 |      0 |    204 |    260 |   1 |  699.0 |
               +--------+--------+--------+--------+--------+-----+--------+

Top non-repeatable levels by time:
Vaults:1: 2126 daAuts
Vaults:2: 2002 daAuts
Vaults:3: 1741 daAuts
   Elf:1: 1719 daAuts
  Lair:6: 1713 daAuts
     D:1: 1590 daAuts
 Swamp:4: 1503 daAuts
     D:7: 1343 daAuts
   Orc:2: 1251 daAuts
     D:4: 1208 daAuts
     D:3: 1185 daAuts
     D:6: 1180 daAuts
     D:5: 1143 daAuts
    D:10: 1036 daAuts
     D:8: 1035 daAuts
